Map: Lost and Found LE

Players

Neeb - Winner!

  • Race: Protoss Protoss
  • Spawn Location: 1:00

Reynor

  • Race: Zerg Zerg
  • Spawn Location: 7:00

Event: WCS Montreal 2018

VOD

Have the link to the VOD?

Description

Time

  • Played on: Sept. 8, 2018, 5:44 p.m.
  • Length: 16:44

All games in this series

Show
View Real Time Build Order
Export as new Build Order

Neeb Protoss - Winner!

Build Orders: 1 Gate Expand, Oracle Opening, Phoenix Opening, Carriers, Chargelot Immortal, Mass Phoenix 

Get SALT Encoding   

  12  0:00  Probe  
  13  0:12  Probe  
  14  0:19  Pylon  
  14  0:24  Probe  
  15  0:32  Assimilator  
  15  0:35  Probe  
  16  0:44  Probe  
  16  0:45  Gateway  
  17  0:53  Probe  
  18  1:05  Probe  
  19  1:17  Probe  
  20  1:24  Nexus  
  20  1:34  Cybernetics Core  
  20  1:37  Probe  
  21  1:43  Assimilator  
  21  1:49  Probe  
  21  1:52  Pylon  
  22  2:01  Adept, Probe  
  23  2:13  Probe  
  26  2:19  Adept, Warp Gate  
  26  2:23  Stargate  
  26  2:25  Probe  
  29  2:36  Probe  
  30  2:37  Probe  
  31  2:45  Adept  
  31  2:49  Probe x2  
  35  2:56  Gateway  
  35  2:59  Oracle  
  35  3:01  Probe  
  35  3:02  Probe  
  40  3:13  Probe  
  40  3:14  Probe  
  40  3:15  Adept  
  43  3:25  Probe  
  43  3:26  Probe  
  40  3:29  Phoenix  
  40  3:37  Probe  
  40  3:38  Probe  
  44  3:43  Assimilator  
  44  3:44  Pylon  
  44  3:46  Assimilator  
  44  3:49  Probe  
  44  3:50  Probe  
  46  3:58  Pylon  
  46  4:02  Probe  
  47  4:05  Probe  
  47  4:06  Stargate  
  48  4:14  Probe  
  48  4:15  Phoenix  
  51  4:17  Probe  
  52  4:26  Probe  
  52  4:28  Pylon  
  52  4:29  Probe  
  54  4:31  Adept  
  54  4:33  Adept  
  54  4:37  Pylon  
  54  4:38  Probe  
  59  4:41  Phoenix  
  62  4:52  Stalker  
  65  4:53  Stalker  
  64  5:01  Probe x2  
  64  5:04  Phoenix  
  66  5:10  Nexus  
  66  5:12  Phoenix  
  66  5:15  Pylon  
  66  5:21  Phoenix  
  68  5:26  Probe x2  
  70  5:34  Pylon  
  70  5:35  Phoenix  
  72  5:37  Shield Battery  
  75  5:43  Adept  
  75  5:49  Phoenix  
  78  5:55  Robotics Facility  
  78  5:57  Robotics Facility  
  78  6:01  Zealot  
  80  6:07  Phoenix  
  82  6:12  Probe  
  82  6:13  Probe  
  82  6:16  Phoenix  
  86  6:21  Probe  
  86  6:23  Probe  
  86  6:24  Probe  
  89  6:28  Sentry  
  89  6:29  Probe  
  89  6:30  Forge  
  89  6:32  Probe  
  91  6:34  Pylon  
  91  6:35  Assimilator  
  91  6:36  Probe  
  91  6:39  Assimilator  
  94  6:41  Probe  
  94  6:42  Immortal  
  94  6:43  Probe  
  92  6:48  Probe  
  92  6:49  Observer  
  92  6:53  Probe  
  99  6:55  Probe  
  99  6:58  Sentry  
  99  6:59  Immortal  
  99  7:00  Probe  
  101  7:05  Probe  
  101  7:07  Protoss Ground Weapons Level 1  
  102  7:09  Probe  
  102  7:10  Twilight Council  
  102  7:11  Immortal  
  102  7:12  Probe  
  108  7:21  Probe x2  
  114  7:35  Pylon x2  
  114  7:36  Pylon  
  114  7:37  Gateway  
  114  7:38  Gateway  
  114  7:47  Templar Archives, Charge  
  114  7:53  Immortal  
  114  7:57  Immortal  
  122  8:10  Gateway x2  
  122  8:12  Gateway x2  
  122  8:13  Photon Cannon  
  122  8:14  Psionic Storm, Photon Cannon  
  122  8:24  High Templar x2  
  126  8:28  Pylon  
  126  8:30  Pylon  
  126  8:32  Immortal  
  130  8:37  Immortal  
  134  8:42  Probe  
  134  8:43  Probe  
  134  8:45  Pylon  
  136  8:49  Pylon  
  136  8:54  High Templar x2  
  140  9:00  Protoss Ground Weapons Level 2  
  140  9:01  Shield Battery  
  140  9:02  Shield Battery  
  140  9:06  Zealot  
  142  9:11  Immortal  
  142  9:12  Probe x2  
  142  9:13  Nexus  
  142  9:14  Pylon  
  148  9:19  High Templar  
  148  9:20  High Templar  
  148  9:21  Zealot x3  
  157  9:24  Archon  
  157  9:32  Immortal  
  161  9:39  Zealot  
  161  9:40  Zealot x2  
  166  9:51  Fleet Beacon  
  166  9:54  High Templar  
  166  9:56  Nexus  
  166  9:57  High Templar  
  167  10:01  Zealot x3  
  173  10:13  Pylon  
  173  10:14  Pylon  
  173  10:17  Pylon  
  173  10:18  Zealot  
  172  10:27  Zealot x2  
  172  10:29  Probe  
  172  10:31  Immortal  
  172  10:34  High Templar x3  
  173  10:48  Nexus, Zealot  
  173  10:50  Archon  
  173  10:51  High Templar x2, Zealot  
  173  10:54  Pylon  
  173  10:55  Archon  
  173  10:56  Mothership  
  177  10:57  Probe x2  
  177  11:00  Nexus  
  159  11:09  Probe  
  165  11:23  Zealot x3  
  171  11:29  Carrier x2  
  169  11:44  Protoss Air Weapons Level 1  
  179  11:56  Probe x2  
  181  12:01  Protoss Shields Level 1  
  181  12:03  Assimilator  
  181  12:07  Assimilator  
  181  12:08  Probe  
  181  12:10  Probe  
  181  12:11  Pylon  
  181  12:12  Graviton Catapult  
  181  12:16  Probe  
  182  12:35  Carrier  
  157  12:40  Zealot x3  
  157  12:42  Carrier  
  129  12:52  Nexus  
  129  12:55  High Templar  
  129  12:56  High Templar x2  
  139  13:02  Probe x3  
  142  13:06  Pylon  
  142  13:07  Zealot x2  
  142  13:10  Zealot  
  154  13:17  Probe x3  
  157  13:20  Zealot  
  159  13:32  High Templar x2, Sentry  
  159  13:33  Assimilator, Zealot x2  
  169  13:37  Archon  
  169  13:38  Zealot  
  169  13:41  Carrier  
  171  13:43  Zealot  
  166  13:49  Probe x2  
  166  13:51  Carrier  
  174  14:13  Zealot x2  
  173  14:17  Zealot x3  
  173  14:22  Zealot  
  156  14:37  High Templar x4  
  163  14:38  Zealot x2  
  163  14:42  Archon x2  
  167  14:53  Zealot  
  157  15:07  Zealot x2  
  157  15:13  Zealot  
  159  15:14  Zealot x3  
  159  15:16  Sentry  
  163  15:29  Zealot  
  142  15:44  Archon  
  142  15:47  Archon  
  120  15:51  Archon  
  120  15:55  High Templar x5  
  120  15:56  High Templar, Zealot  
  120  16:03  Archon x2  
  120  16:04  Archon  
  112  16:30  High Templar x2  
  112  16:31  Zealot x2  
  112  16:41  High Templar, Zealot x2  
Show
View Real Time Build Order
Export as new Build Order

Reynor Zerg 

Build Orders: Hatch First 

Get SALT Encoding   

  12  0:00  Drone  
  13  0:13  Overlord  
  13  0:17  Drone  
  14  0:31  Drone x2  
  16  0:48  Hatchery  
  15  0:51  Drone  
  15  0:55  Drone  
  17  0:58  Drone  
  18  1:08  Extractor  
  17  1:13  Spawning Pool  
  17  1:17  Drone  
  17  1:20  Drone  
  18  1:28  Drone  
  19  1:39  Drone  
  20  1:51  Overlord  
  20  1:59  Queen x2  
  20  2:01  Drone x2  
  26  2:12  Zergling x2  
  26  2:13  Zergling x2  
  26  2:14  Metabolic Boost  
  28  2:21  Drone  
  29  2:23  Drone  
  30  2:36  Hatchery  
  29  2:40  Drone x2  
  32  2:44  Zergling x2  
  32  2:45  Zergling x2  
  33  2:52  Queen  
  33  2:57  Overlord  
  35  3:00  Drone  
  36  3:07  Overlord  
  36  3:17  Zergling x4  
  36  3:18  Zergling x2  
  36  3:19  Drone x2  
  35  3:28  Drone x2  
  37  3:38  Spore Crawler, Queen  
  39  3:41  Drone  
  39  3:44  Drone  
  39  3:47  Drone  
  41  3:50  Drone  
  41  3:51  Drone  
  43  3:58  Lair  
  43  4:01  Drone  
  44  4:03  Drone  
  44  4:04  Drone  
  44  4:09  Spore Crawler  
  45  4:10  Drone  
  45  4:16  Drone x3  
  49  4:19  Drone  
  49  4:23  Overlord  
  50  4:33  Spore Crawler  
  50  4:34  Extractor  
  50  4:35  Drone x2  
  50  4:37  Extractor, Drone  
  50  4:44  Drone x2  
  50  4:45  Drone x2  
  53  4:47  Drone x3  
  53  4:48  Drone  
  54  4:57  Overlord  
  54  4:59  Drone x2  
  57  5:00  Drone  
  57  5:01  Drone, Hydralisk Den  
  57  5:04  Overlord  
  57  5:11  Spore Crawler  
  57  5:12  Overlord  
  56  5:16  Drone x2  
  58  5:22  Overlord  
  58  5:23  Drone x4  
  58  5:25  Drone  
  63  5:34  Drone x4  
  63  5:35  Drone  
  68  5:36  Muscular Augments  
  68  5:40  Queen  
  69  5:50  Drone x3  
  69  5:51  Drone  
  69  5:52  Hydralisk x2  
  69  5:53  Evolution Chamber  
  69  5:56  Queen  
  78  6:01  Hydralisk x2  
  81  6:06  Drone  
  81  6:07  Drone  
  81  6:10  Drone  
  80  6:11  Drone  
  80  6:13  Drone  
  80  6:14  Overlord  
  80  6:16  Overlord  
  81  6:20  Overlord  
  79  6:27  Overlord  
  79  6:28  Drone x2, Zerg Melee Weapons Level 1  
  79  6:29  Extractor  
  79  6:30  Drone  
  81  6:33  Overlord  
  81  6:34  Spore Crawler  
  81  6:35  Drone x2  
  81  6:36  Drone  
  83  6:41  Hydralisk x3  
  83  6:44  Drone  
  83  6:45  Drone  
  88  6:51  Grooved Spines  
  88  6:53  Drone x4  
  92  6:55  Extractor  
  92  7:02  Hydralisk  
  92  7:03  Zergling x4  
  92  7:04  Drone  
  92  7:06  Hydralisk x2  
  92  7:07  Baneling Nest  
  100  7:10  Drone x2  
  100  7:11  Hatchery  
  100  7:12  Hydralisk  
  103  7:17  Hydralisk x2  
  103  7:19  Drone x2  
  103  7:21  Overlord  
  109  7:23  Drone  
  109  7:24  Extractor  
  109  7:27  Hydralisk x2  
  113  7:35  Drone x2  
  115  7:40  Hydralisk x4  
  115  7:43  Drone x3  
  126  7:46  Drone x2  
  126  7:47  Spore Crawler  
  126  7:49  Hydralisk  
  126  7:50  Zergling x2  
  130  7:53  Overlord  
  130  7:54  Drone x2  
  130  7:55  Drone  
  128  8:03  Centrifical Hooks  
  128  8:06  Drone x2  
  128  8:07  Overlord  
  128  8:10  Overlord  
  130  8:15  Drone x6  
  130  8:19  Drone  
  137  8:21  Overlord  
  137  8:22  Zergling x2  
  137  8:24  Zergling x4  
  139  8:29  Zergling x2  
  139  8:30  Hatchery  
  139  8:31  Overlord  
  137  8:36  Hydralisk x2, Baneling x2, Zergling x4  
  143  8:42  Zerg Melee Weapons Level 2, Zergling x10  
  143  8:46  Overlord  
  148  8:49  Hydralisk x2, Drone x3  
  148  8:54  Hydralisk  
  156  9:01  Zergling x8  
  159  9:04  Zergling x4  
  159  9:07  Hydralisk  
  163  9:12  Baneling x8  
  163  9:14  Overlord  
  163  9:18  Zergling x2  
  163  9:19  Zergling x18  
  163  9:22  Baneling x5  
  173  9:24  Hydralisk  
  173  9:25  Zergling x2  
  173  9:29  Baneling x7  
  173  9:31  Overlord  
  176  9:32  Infestation Pit  
  172  9:41  Zergling x14  
  172  9:45  Hydralisk x3  
  179  9:51  Hydralisk  
  179  9:52  Zergling x8  
  189  9:53  Drone x4  
  189  9:54  Hydralisk, Zergling x2  
  189  9:59  Hydralisk  
  198  10:07  Overlord x2  
  198  10:10  Hive  
  198  10:12  Baneling x10  
  198  10:14  Baneling  
  198  10:15  Baneling x7  
  198  10:18  Overlord  
  178  10:31  Zergling x8  
  178  10:32  Zergling x30  
  195  10:37  Drone x3, Spine Crawler  
  195  10:40  Spine Crawler  
  196  10:43  Hydralisk  
  196  10:44  Zergling x2  
  196  10:49  Zergling x2  
  200  10:52  Overlord  
  173  11:07  Zergling x30  
  188  11:12  Hydralisk  
  188  11:13  Zergling x12  
  196  11:25  Adrenal Glands  
  196  11:26  Spire  
  196  11:27  Zerg Melee Weapons Level 3  
  196  11:31  Spore Crawler x2  
  196  11:32  Hydralisk x3  
  198  11:33  Zergling x4  
  198  11:37  Pneumatized Carapace, Overlord x2  
  198  11:38  Drone x3  
  198  11:39  Drone x2  
  200  11:41  Drone  
  200  11:44  Extractor  
  200  11:46  Extractor, Hydralisk  
  195  11:47  Zergling x6  
  195  11:49  Overlord  
  200  12:03  Baneling x16  
  200  12:07  Baneling x18  
  200  12:08  Baneling x4  
  197  12:10  Zergling x2  
  197  12:11  Zergling x6  
  197  12:13  Baneling x4  
  200  12:15  Baneling  
  200  12:25  Baneling  
  200  12:26  Baneling x7  
  182  12:39  Hydralisk  
  182  12:40  Zergling x4  
  182  12:41  Zergling x48  
  163  12:48  Hydralisk x2  
  163  12:49  Hydralisk x6  
  163  12:51  Zergling x2  
  160  12:56  Drone x2  
  161  13:00  Zergling x6  
  161  13:04  Overseer  
  164  13:06  Zergling x4  
  164  13:10  Hydralisk x2, Zergling x2  
  164  13:11  Zergling x6  
  164  13:12  Drone x2, Greater Spire  
  176  13:14  Zergling x6  
  176  13:15  Zergling x4  
  179  13:22  Drone x2  
  181  13:27  Zergling x10  
  181  13:29  Drone  
  181  13:32  Baneling x6  
  167  13:56  Corruptor  
  167  13:57  Corruptor x6  
  181  14:03  Baneling x2  
  181  14:04  Baneling x12  
  181  14:08  Drone x5  
  181  14:09  Drone  
  186  14:10  Extractor, Drone x2  
  186  14:14  Zergling x6  
  186  14:15  Zergling x14  
  194  14:22  Hydralisk  
  194  14:23  Zergling x8  
  185  14:34  Corruptor x4  
  185  14:35  Zerg Flyer Weapons Level 1  
  185  14:36  Zergling x14  
  199  14:43  Baneling x8  
  199  14:52  Corruptor x4  
  185  15:08  Zergling x20  
  188  15:22  Zergling x26  
  188  15:23  Zergling x4  
  188  15:27  Baneling x3  
  188  15:28  Baneling x3  
  185  15:38  Hydralisk  
  185  15:39  Zergling x20  
  185  15:40  Zergling x2  
  171  15:43  Hydralisk x2  
  171  15:44  Zergling x2  
  171  15:48  Hydralisk  
  134  15:50  Hydralisk  
  134  15:52  Overseer  
  134  15:53  Hydralisk  
  134  15:55  Hydralisk  
  113  15:59  Hydralisk  
  113  16:01  Hydralisk  
  113  16:02  Hydralisk x2  
  97  16:06  Hydralisk x3  
  97  16:07  Hydralisk  
  97  16:11  Hydralisk  
  97  16:16  Hydralisk  
  97  16:18  Hydralisk  
  99  16:19  Hydralisk  
Tags
 
Add a new tag
Caveats
  • Supply blocks, unpowered buildings, or Contaminate may cause inaccurate times.
  • Supply counts are checked every 10 seconds.